 Dungeon Crawl Stone Soup version 0.28-a0-1038-g9c4cb8273d (webtiles) character file.

Game seed: 3283210653023561192

303 garbled the Caller (level 6, -7/30 HPs)
             Began as a Vine Stalker Summoner on Dec 7, 2021.
             Mangled by Menkaure (16 damage)
             ... on level 5 of the Dungeon on Dec 8, 2021.
             The game lasted 00:19:39 (4051 turns).

garbled the Caller (Vine Stalker Summoner)          Turns: 4051, Time: 00:19:39

Health: -7/30      AC:  8    Str: 10    XL:     6   Next: 38%
Magic:  0/12       EV: 10    Int: 17    God:
Gold:   164        SH:  0    Dex: 15    Spells: 6/12 levels left

rFire   . . .      SeeInvis .   r - +0 trident
rCold   . . .      Faith    .   (no shield)
rNeg    . . .      Spirit   +   q - +3 ring mail
rPois   .          Reflect  .   (no helmet)
rElec   .          Harm     .   (no cloak)
rCorr   .          Rampage  .   (no gloves)
Will    .....                   (no boots)
Stlth   ++........              (no amulet)
HPRegen 0.90/turn               (no ring)
MPRegen 0.13/turn               (no ring)

@: very slightly contaminated
A: fangs 2, regeneration 1, magic shield, antimagic bite, no potion heal 2
a: no special abilities


You were on level 5 of the Dungeon.
You visited 1 branch of the dungeon, and saw 5 of its levels.
You also visited: Sewer.

You collected 200 gold pieces.
You spent 36 gold pieces at shops.

Inventory:

Hand Weapons
 d - a +0 short sword
 e - a +0 spear
 r - a +0 trident (weapon)
Missiles
 s - 6 poisoned darts
Armour
 a - a +0 robe
 q - a +3 ring mail (worn)
Scrolls
 c - a scroll of immolation {unknown}
 h - a scroll of fear {unknown}
 k - 3 scrolls of teleportation
 l - a scroll of enchant weapon {unknown}
 p - a scroll of brand weapon {unknown}
Potions
 b - a potion of mutation {unknown}
 f - 2 potions of curing
 g - 2 potions of lignification {unknown}
 i - a potion of attraction {unknown}
 m - 4 potions of flight
 n - a potion of brilliance {unknown}
 o - a potion of magic {unknown}


   Skills:
 + Level 1.9 Fighting
 - Level 2.0 Dodging
 + Level 4.2 Stealth
 + Level 3.9 Spellcasting
 + Level 5.3 Summonings


You had 6 spell levels left.
You knew the following spells:

 Your Spells              Type           Power      Damage    Failure   Level
a - Summon Small Mammal   Summ           84%        N/A       4%          1
b - Call Imp              Summ           21%        N/A       7%          2
c - Call Canine Familiar  Summ           21%        N/A       14%         3

Your spell library contained the following spells:

 Spells                   Type           Power      Damage    Failure   Level
 Sandblast                Erth           6%         2d5       38%         1
 Slow                     Hex            12%        N/A       38%         1
 Summon Guardian Golem    Hex/Summ       12%        N/A       38%         3
 Passwall                 Tmut/Erth      2%         N/A       54%         2
 Confusing Touch          Hex            3%         N/A       77%         3
 Stone Arrow              Conj/Erth      6%         3d7       77%         3
 Vampiric Draining        Necr           3%         2d6       77%         3
 Summon Lightning Spire   Summ/Air       12%        N/A       80%         4


Dungeon Overview and Level Annotations

Branches:
Dungeon (5/15)              Sewer (visited)
 Temple: D:4-7

Altars:

Shops:
D:1 !((   D:2 *[(:

Annotations:
D:5 Menkaure


Innate Abilities, Weirdness & Mutations

You have extremely sharp teeth.
Your natural rate of healing is unusually fast.
When hurt, damage is shared between your health and your magic reserves.
Your bite disrupts and absorbs the magic of your enemies.
Potions cannot restore your health.


Message History

You hit Menkaure but do no damage.
Menkaure is lightly damaged.
Menkaure closely misses you.
You hit Menkaure but do no damage.
Menkaure is lightly damaged.
Menkaure hums a few words.
Menkaure hits you but does no damage. x2
You barely miss Menkaure. You bite Menkaure.
Menkaure's magic leaks into the air.
You drain his magic.
You feel invigorated.
Menkaure is moderately damaged.
Menkaure gestures at you while chanting.
Pain shoots through your body!
You hit Menkaure. You bite Menkaure, but do no damage.
Menkaure is moderately damaged.
Menkaure hits you but does no damage. Menkaure barely misses you.
You puncture Menkaure!
Menkaure is heavily damaged.
Menkaure barely misses you.
You barely miss Menkaure.
Menkaure is heavily damaged.
Menkaure closely misses you. x2
You barely miss Menkaure. You bite Menkaure, but do no damage.
Menkaure is heavily damaged.
Menkaure calls on the powers of darkness!
Your body is wracked with pain!
You closely miss Menkaure.
Menkaure is heavily damaged.
Menkaure calls on the powers of darkness!
Your body is wracked with pain!
* * * LOW HITPOINT WARNING * * *
Menkaure breathes soot at you. Menkaure closely misses you.
Casting: Call Imp (safe; 7% risk of failure)
Confirm with . or Enter, or press ? or * to list all spells.
The spell is quite dangerous to miscast (14% risk of failure)!
Continue anyway?
You miscast Call Canine Familiar.
You are very lightly contaminated with residual magic.
Nothing appears to happen.
Menkaure hits you!
Ouch! That really hurt!
You die...

,,,,,,,,,,**,#####
***,,,,,*****,...#
*******,,***,*##.##
,,,,,,,,,.#.###...######
****,,,,,.............[#
*,**,**#####...####.##########
*,**,* ##.###.†.........o.
*,**.########.###.#.########**
****,**.......<.@M...#.##########
,,,,,**###########.###......M..o.
****** #)# ############ #.#
******** #.# *,,,,,,* #.#
*,****,* #.# *,* *,*** #.# *,*
*,,,, #.# *,* *****


You could see Menkaure (fast).

Vanquished Creatures
  Blork the orc (D:4)
  An orc wizard (D:4)
  A hound skeleton (D:4)
  A river rat (D:3)
  2 adders
  A dart slug (D:2)
  2 orcs (D:4)
  4 ball pythons (D:1)
  5 bats
  4 endoplasms
  4 giant cockroaches
  6 goblins
  A hobgoblin (D:1)
  5 jackals
  5 kobolds
  2 quokkas
  A frilled lizard (Sewer)
  4 rats
50 creatures vanquished.

Vanquished Creatures (collateral kills)
  An orc priest (D:4)
  A hound (D:5)
  4 adders
  2 river rats (D:3)
  4 worms
  2 dart slugs (D:1)
  5 orcs
  6 endoplasms
  5 giant cockroaches
  A goblin (D:3)
  A hobgoblin (D:2)
  8 jackals
  5 ball pythons
  6 bats (Sewer)
  4 kobolds
  A rat (D:1)
56 creatures vanquished.

Grand Total: 106 creatures vanquished

Notes
Turn   | Place    | Note
-------+----------+-------------------------------------------
     0 | D:1      | garbled the Vine Stalker Summoner began the quest for the
                  | Orb.
     0 | D:1      | Reached XP level 1. HP: 9/9 MP: 4/4
   242 | D:1      | Reached XP level 2. HP: 13/13 MP: 3/6
   248 | D:1      | Found Icushru's Weapon Shop.
   397 | D:1      | Learned a level 2 spell: Call Imp
   477 | D:1      | Found Macos's Distillery.
   502 | D:1      | Bought a potion of degeneration for 13 gold pieces
   665 | D:1      | Reached XP level 3. HP: 16/16 MP: 3/7
   758 | D:1      | Found Miyguep's Weapon Emporium.
   775 | D:1      | Upgraded the game from 0.28-a0-1033-g1a2f33fa85 to
                  | 0.28-a0-1038-g9c4cb8273d
  1232 | D:2      | Learned a level 3 spell: Call Canine Familiar
  1290 | D:2      | Found Mumuov's Book Boutique.
  1606 | D:2      | Found Muxej's Assorted Antiques.
  1614 | D:2      | Bought a scroll labelled NUSAFY TAESEOV for 23 gold pieces
  1666 | D:2      | Gained mutation: Your natural rate of healing is unusually
                  | fast. [Vine Stalker growth]
  1666 | D:2      | Reached XP level 4. HP: 21/21 MP: 7/9
  1681 | D:2      | Found Maudeiga's Antique Weapon Emporium.
  1753 | D:2      | Found Qegic's Armour Shop.
  2294 | D:3      | Found a glowing drain.
  2303 | D:3      | Reached XP level 5. HP: 20/25 MP: 4/10
  2306 | Sewer    | Entered a sewer
  2339 | Sewer    | Reached skill level 1 in Fighting
  2716 | Sewer    | Reached skill level 5 in Summonings
  3577 | D:4      | Reached XP level 6. HP: 28/30 MP: 5/12
  3946 | D:5      | Entered Level 5 of the Dungeon
  3978 | D:5      | Noticed Blork the orc
  3978 | D:5      | Noticed Menkaure
  4016 | D:4      | Killed Blork the orc
  4051 | D:5      | Mangled by Menkaure

Illustrated notes

Levels and vault maps discovered:
D:1:      dpeg_arrival_signposts, layout_rooms, serial_shops, shop,
          nicolae_shop_bloodbath_and_beyond, shop, minmay_split_cup_small
D:2:      layout_basic, serial_shops, shop, shop, shop, nicolae_shop_trees
D:3:      layout_loops_ring, portal_sewer_entry_e
D:4:      layout_gridville, hangedman_decor_push
D:5:      layout_loops_ring, minmay_hollow_rounded_squares, uniq_sigmund,
          uniq_blork_the_orc, uniq_menkaure, uniq_eustachio

Skill      XL: |  1  2  3  4  5  6 |
---------------+-------------------+-----
Spellcasting   | 3 |  3.9
Stealth        | 3 4 |  4.2
Dodging        | 2 |  2.0
Fighting       | 1 |  1.9
Summonings     | 5 |  5.3

Action                   |  1- 3 |  4- 6 || total
-------------------------+-------+-------++-------
Melee: Unarmed           |     7 |       ||     7
       Short sword       |    22 |       ||    22
       Bite              |     9 |    33 ||    42
       Spear             |    16 |   127 ||   143
       Trident           |       |    18 ||    18
 Cast: Summon Small Mamm |    26 |     5 ||    31
       Call Imp          |    13 |    26 ||    39
       Call Canine Famil |     1 |    12 ||    13
  Use: Scroll            |     3 |     3 ||     6
       Potion            |       |     1 ||     1
 Stab: Sleeping          |     2 |     2 ||     4
Armor: Robe              |    12 |    25 ||    37
       Ring mail         |       |    29 ||    29
Dodge: Dodged            |    34 |   134 ||   168

Table legend: (Time is in decaauts)
 A = Elapsed time spent in this place.
 B = Non-inter-level travel time spent in this place.
 C = Inter-level travel time spent in this place.
 D = Time resting spent in this place.
 E = Time spent auto-exploring this place.
 F = Levels seen in this place.
 G = Mean time per level.
                   A        B        C        D        E       F      G
               +--------+--------+--------+--------+--------+-----+--------+
         Total |   4222 |   4106 |    116 |    232 |   2634 |   6 |  703.7 |
       Dungeon |   3281 |   3165 |    116 |    232 |   2014 |   5 |  656.2 |
         Sewer |    941 |    941 |      0 |      0 |    620 |   1 |  941.0 |
               +--------+--------+--------+--------+--------+-----+--------+

Top non-repeatable levels by time:
     D:1: 1144 daAuts
     D:2: 972 daAuts
   Sewer: 941 daAuts
     D:4: 568 daAuts
     D:3: 510 daAuts
     D:5: 85 daAuts
